 Dungeon Crawl Stone Soup version 0.27-a0-46-g34d46f0a3f (webtiles) character file.

Game seed: 11208343265154483959

752 Borgoz the Ruffian (level 7, 0/61 HPs)
             Began as a Ghoul Gladiator on Jan 6, 2021.
             Slain by a gnoll sergeant
             ... wielding a +1 spear of pain
              (2 damage)
             ... on level 6 of the Dungeon.
             The game lasted 00:07:17 (5120 turns).

Borgoz the Ruffian (Ghoul Gladiator)                Turns: 5120, Time: 00:07:17

Health: 0/61       AC:  6    Str: 18    XL:     7   Next: 78%
Magic:  6/6        EV: 17    Int:  3    God:
Gold:   99         SH:  0    Dex: 12    Spells: 6/6 levels left

rFire    + . .     SeeInvis .     - Unarmed
rCold    + . .     Faith    +   (no shield)
rNeg     + + +     Spirit   .   k - +0 ring mail
rPois    ∞         Reflect  .   b - +0 helmet
rElec    .         Harm     .   (no cloak)
rCorr    .         Rampage  .   (no gloves)
Will     .....                  (no boots)
Stlth    +.........             j - amulet of faith
HPRegen  0.00/turn              h - +4 ring of evasion
MPRegen  0.10/turn              m - ring of protection from fire

@: no status effects
A: claws 1, cold resistance 1, negative energy resistance 3, inhibited
regeneration, torment resistance, unbreathing
a: no special abilities


You were on level 6 of the Dungeon.
You visited 1 branch of the dungeon, and saw 7 of its levels.

You collected 159 gold pieces.
You spent 60 gold pieces at shops.

Inventory:

Missiles
 c - 2 throwing nets (quivered)
Armour
 b - a +0 helmet (worn)
 k - a +0 ring mail (worn)
Jewellery
 h - a +4 ring of evasion (left claw)
 j - an amulet of faith (around neck)
 m - a ring of protection from fire (right claw)
Scrolls
 d - 3 scrolls of enchant weapon
 f - a scroll of magic mapping
 g - a scroll of amnesia
 i - a scroll of blinking {unknown}
 l - a scroll of random uselessness {unknown}
 q - a scroll of identify
Potions
 e - 2 potions of heal wounds
 n - a potion of haste {unknown}
 o - 3 potions of magic
 p - a potion of curing
 r - a potion of lignification {unknown}
 v - a potion of cancellation {unknown}
 w - 2 potions of might {unknown}
 x - a potion of mutation {unknown}


   Skills:
 + Level 5.0 Fighting
 - Level 1.7 Throwing
 + Level 3.5 Armour
 + Level 4.6 Dodging
 + Level 5.6 Unarmed Combat


You had 6 spell levels left.
You didn't know any spells.
Your spell library was empty.

Dungeon Overview and Level Annotations

Branches:
Dungeon (7/15)
 Temple: D:4-7

Altars:
Dithmenos
Elyvilon
Gozag
Okawaru
Trog
Yredelemnul

Shops:
D:5 ?


Innate Abilities, Weirdness & Mutations

You thrive by killing the living.
You are immune to poison.
You have sharp fingernails.
Your flesh is cold resistant. (rC+)
You are immune to negative energy. (rN+++)
You do not regenerate when monsters are visible.
You are immune to unholy pain and torment.
You can survive without breathing.


Message History

As you read the scroll of teleportation, it crumbles to dust.
You feel strangely unstable. The orc completely misses you.
The orc priest looks satisfied for a moment.
The orc wizard gestures wildly while chanting.
The orc wizard seems to speed up.
Your surroundings suddenly seem different.
The orc barely misses you. The orc misses you.
The orc shouts!
The orc hits you but does no damage.
The orc wizard mumbles some strange words.
The orc wizard blinks!
The orc barely misses you.
Something unseen opens the door.
There is a stone staircase leading up here.
The orc priest hits you with a +0 war axe.
* * * LOW HITPOINT WARNING * * *
The orc hits you but does no damage.
You climb upwards.
The gnoll sergeant hits you with a +1 spear of pain.
You die...

###### #g##h#.... .....# #g#
# .... .# .###.#### #.#
.....###.# .#......###g#
.....#...### .#.###......#
#.........## ...#........#
#..##......##
##.#.###....######
#............
#...#......g.ggo#
#.....(......
###.#.###.#####@#
#............ #...#...# #o#
#..##........ ##..#..## #.#
#..##..(###.. #.....# #>#
#............ #.#.#.# ##.##
#..###.>###..
#.....#####...###..###.......
#####........................
#######...#########.###.#
##.##########......


You could see a gnoll sergeant, an orc priest, 2 gnolls and an orc.

Vanquished Creatures
  An ice beast (D:4)
  A phantom (D:4)
  A gnoll sergeant (D:5)
  A howler monkey (D:6)
  A hound (D:5)
  A gnoll shaman (D:5)
  A centaur skeleton (D:5)
  An iguana (D:3)
  2 worker ants
  A hound skeleton (D:6)
  2 worker ant zombies (D:5)
  11 gnolls
  3 adders
  A shadow imp (D:6)
  A white imp (D:5)
  2 oozes
  An adder zombie (D:5)
  6 worms
  5 leopard geckos
  9 orcs
  A ball python (D:1)
  4 giant cockroaches
  8 goblins
  8 hobgoblins
  9 jackals
  3 quokkas
  9 bats
  4 frilled lizards
  5 kobolds
  A quokka skeleton (D:5)
  8 rats
112 creatures vanquished.

Notes
Turn   | Place    | Note
-------+----------+-------------------------------------------
     0 | D:1      | Borgoz the Ghoul Gladiator began the quest for the Orb.
     0 | D:1      | Reached XP level 1. HP: 17/17 MP: 0/0
    57 | D:1      | Reached XP level 2. HP: 25/25 MP: 1/1
   563 | D:1      | Reached XP level 3. HP: 28/30 MP: 2/2
   933 | D:2      | Reached skill level 1 in Armour
  1360 | D:2      | Reached XP level 4. HP: 31/38 MP: 3/3
  1819 | D:2      | You fall into a shaft and drop 1 floor!
  2188 | D:2      | Reached XP level 5. HP: 42/45 MP: 4/4
  2252 | D:2      | You fall into a shaft and drop 2 floors!
  2253 | D:4      | Noticed a phantom
  2254 | D:4      | Found a shadowy altar of Dithmenos.
  2254 | D:4      | Found a basalt altar of Yredelemnul.
  2256 | D:4      | Found a bloodstained altar of Trog.
  2317 | D:4      | Killed a phantom
  2714 | D:2      | Reached XP level 6. HP: 52/52 MP: 5/5
  3671 | D:4      | Noticed an ice beast
  3682 | D:4      | Killed an ice beast
  3725 | D:4      | Found a white marble altar of Elyvilon.
  3727 | D:4      | Found an iron altar of Okawaru.
  3950 | D:5      | Entered Level 5 of the Dungeon
  4163 | D:5      | Reached skill level 5 in Unarmed Combat
  4168 | D:5      | Reached XP level 7. HP: 60/60 MP: 6/6
  4462 | D:5      | Found an opulent altar of Gozag.
  4520 | D:5      | Found Joishripp's Magic Scroll Shoppe.
  4523 | D:5      | Bought a scroll of teleportation for 36 gold pieces
  4523 | D:5      | Bought a scroll of identify for 24 gold pieces
  4907 | D:5      | You fall into a shaft and drop 1 floor!
  5032 | D:6      | Reached skill level 5 in Fighting
  5091 | D:7      | Noticed a wyvern
  5119 | D:7      | HP: 2/61 [orc priest/+0 war axe (2)]
  5120 | D:6      | Slain by a gnoll sergeant

Illustrated notes

Levels and vault maps discovered:
D:1:      minmay_arrival_four_circles, layout_basic
D:2:      layout_basic, guppyfry_early_orc_mine
D:3:      minmay_recursive_quarters, layout_basic
D:4:      layout_basic, nicolae_overflow_hidden_temple, kennysheep_another_room
D:5:      layout_cave_pods, serial_gnoll_camp, gnoll_camp_mini_basic,
          gnoll_camp_mini_sergeant, gnoll_camp_mini_shop, gnoll_camp_mini_basic,
          serial_shops, kennysheep_mini_moat, basic_altar
D:6:      layout_loops_ring, minmay_misc_feat_tiny,
          hangedman_abyss_or_decor_stabs
D:7:      layout_gridville, overflow_temple_1_default,
          minmay_temple_entry_sparse_star

Skill      XL: |  1  2  3  4  5  6  7 |
---------------+----------------------+-----
Dodging        | 3 4 |  4.6
Armour         | 1 2 3 |  3.5
Fighting       | 3 4 5 |  5.0
Unarmed Combat | 4 5 |  5.6
Throwing       | |  1.7

Action                   |  1- 3 |  4- 6 |  7- 9 || total
-------------------------+-------+-------+-------++-------
Melee: Unarmed           |    97 |   242 |   167 ||   506
       Punch             |     1 |     6 |     5 ||    12
Throw: Throwing net      |     1 |       |     1 ||     2
  Use: Potion            |       |     1 |     1 ||     2
       Scroll            |       |     9 |     4 ||    13
Armor: Leather armour    |    28 |     3 |       ||    31
       Ring mail         |       |    39 |    24 ||    63
Dodge: Dodged            |    79 |   204 |   161 ||   444

Table legend: (Time is in decaauts)
 A = Elapsed time spent in this place.
 B = Non-inter-level travel time spent in this place.
 C = Inter-level travel time spent in this place.
 D = Time resting spent in this place.
 E = Time spent auto-exploring this place.
 F = Levels seen in this place.
 G = Mean time per level.
                   A        B        C        D        E       F      G
               +--------+--------+--------+--------+--------+-----+--------+
         Total |   5078 |   4970 |    108 |   1168 |   2768 |   7 |  725.4 |
       Dungeon |   5078 |   4970 |    108 |   1168 |   2768 |   7 |  725.4 |
               +--------+--------+--------+--------+--------+-----+--------+

Top non-repeatable levels by time:
     D:1: 1222 daAuts
     D:2: 1060 daAuts
     D:5: 944 daAuts
     D:3: 938 daAuts
     D:4: 706 daAuts
     D:6: 171 daAuts
     D:7: 33 daAuts
